 Dungeon Crawl Stone Soup version 0.29.0-11-gd7f09526c8 (webtiles) character file.

Game seed: 7084333340405858207

5336 SensoryNuts the Carver (level 10, -3/74 HPs)
             Began as a Demonspawn Fighter on Sept 3, 2022.
             Slain by a two-headed ogre
             ... wielding a +0 giant spiked club
              (20 damage)
             ... on level 9 of the Dungeon.
             The game lasted 00:09:59 (10556 turns).

SensoryNuts the Carver (Demonspawn Fighter)        Turns: 10556, Time: 00:10:00

Health: -3/74      AC: 16    Str: 17    XL:     10   Next: 38%
Magic:  10/10      EV:  7    Int: 10    God:
Gold:   454        SH: 15    Dex: 16    Spells: 9/9 levels left

rFire   . . .      SeeInvis .   a - +1 long sword (flame)
rCold   . . .      Faith    .   q - +1 tower shield
rNeg    . . .      Spirit   .   b - +0 scale mail
rPois   .          Reflect  .   (no helmet)
rElec   .          Harm     .   (no cloak)
rCorr   .          Rampage  .   (no gloves)
Will    .....                   e - +2 pair of boots {Fly}
Stlth   +.........              (no amulet)
HPRegen 0.22/turn               (no ring)
MPRegen 0.12/turn               (no ring)

@: sanguine armoured, flying, studying Ranged Weapons
A: demonic guardian 2, spiny 2, sanguine armour 1, demonic touch 1
a: no special abilities


You were on level 9 of the Dungeon.
You visited 2 branches of the dungeon, and saw 10 of its levels.

You collected 454 gold pieces.

Inventory:

Hand Weapons
 a - a +1 long sword of flaming (weapon)
Armour
 b - a +0 scale mail (worn)
 e - a +2 pair of boots of flying (worn)
 q - a +1 tower shield (worn)
Jewellery
 f - an amulet of the acrobat
Wands
 c - a wand of light (8)
 m - a wand of iceblast (13)
 t - a wand of polymorph (7)
Scrolls
 j - 5 scrolls of teleportation
 k - 2 scrolls of fear
 o - a scroll of noise
 r - a scroll of identify
 s - a scroll of blinking
Potions
 d - 3 potions of ambrosia
 g - a potion of attraction
 h - 2 potions of brilliance
 i - a potion of lignification
 l - a potion of degeneration {unknown}
 n - a potion of curing
 p - a potion of resistance


   Skills:
 + Level 5.4 Fighting
 * Level 10.3 Long Blades
 + Level 6.2 Armour
 + Level 3.3 Dodging
 + Level 2.7 Stealth
 + Level 6.0 Shields


You had 9 spell levels left.
You didn't know any spells.
Your spell library contained the following spells:

 Spells                   Type           Power      Damage    Failure   Level
 Apportation              Tloc           0%         N/A       100%        1
 Freeze                   Ice            0%         1d3       100%        1
 Necrotise                Necr           0%         1d4       100%        1
 Sandblast                Erth           0%         2d4       100%        1
 Summon Small Mammal      Summ           0%         N/A       100%        1
 Passwall                 Tmut/Erth      0%         N/A       100%        2
 Static Discharge         Conj/Air       0%         3-3/arc   100%        2
 Frozen Ramparts          Ice            0%         1d1       100%        3
 Stone Arrow              Conj/Erth      0%         3d7       100%        3
 Vampiric Draining        Necr           0%         2d6       100%        3
 Dispel Undead            Necr           0%         3d6       100%        4
 Hailstorm                Conj/Ice       0%         3d3       100%        4
 Sticky Flame             Conj/Fire      0%         2d3       100%        4
 Agony                    Necr           0%         N/A       100%        5
 Alistair's Intoxication  Tmut/Pois      0%         N/A       100%        5


Dungeon Overview and Level Annotations

Branches:
Dungeon (9/15)             Temple (1/1) D:7            Lair (0/5) D:9
    Orc: D:9-12

Altars:
Ashenzari
Dithmenos
Fedhas
Gozag
Hepliaklqana
Kikubaaqudgha
Makhleb
Nemelex Xobeh
Okawaru
Qazlal
Ru
Sif Muna
Trog
Uskayaw
Vehumet
Wu Jian
Xom
Yredelemnul

Shops:
D:5 [[[(   D:6 !

Portals:
Abyss: D:3

Annotations:
D:3 2 transporters, BoneyBoi1234's ghost, amateur NaFi
Temple 4 transporters


Innate Abilities, Weirdness & Mutations

A demonic guardian rushes to your aid.
You are mostly covered in sharp spines.
When seriously injured, your blood forms armour. (AC +6)
Your touch may inflict minor irresistible damage on your foes.


Message History

Your blood armour dries and flakes away.
A two-headed ogre comes into view.
It is wielding two +0 giant spiked clubs.
Okay, then.
The two-headed ogre shouts in stereo!
A two-headed ogre is nearby!
Things that are here:
a hound corpse; a troll corpse; a wolf corpse
Things that are here:
a hound corpse; a troll corpse; a wolf corpse You block the two-headed ogre's attack.
The two-headed ogre hits you with a +0 giant spiked club!!
Your blood congeals into armour.
Things that are here:
a hound corpse; a troll corpse; a wolf corpse You barely miss the two-headed ogre.
The two-headed ogre is struck by your spines.
The two-headed ogre hits you with a +0 giant spiked club.
The two-headed ogre hits you with a +0 giant spiked club!
You hit the two-headed ogre. You burn the two-headed ogre.
The two-headed ogre is moderately wounded.
The two-headed ogre hits you but does no damage.
You block the two-headed ogre's attack.
You hit the two-headed ogre. You burn the two-headed ogre.
The two-headed ogre is heavily wounded.
You slash the two-headed ogre! You burn the two-headed ogre.
The two-headed ogre is severely wounded.
You block the two-headed ogre's attack. x2
You hit the two-headed ogre. You burn the two-headed ogre.
The two-headed ogre is severely wounded.
You block the two-headed ogre's attack. x2
You closely miss the two-headed ogre.
The two-headed ogre is severely wounded.
The two-headed ogre hits you but does no damage.
The two-headed ogre hits you with a +0 giant spiked club!!
* * * LOW HITPOINT WARNING * * *
A demonic guardian appears!
You hit the two-headed ogre. You burn the two-headed ogre.
The two-headed ogre is almost dead.
The two-headed ogre hits you with a +0 giant spiked club!!
You die...

≈≈≈~..~≈.....#.#
.~.............#
.~...........#
####.#...#####
#.####.#...#
#..........#
#######.###4#
..........#O#
########..#@#
#..#.#
#..#.#######
#..#.......#
#..#########
#...(......
##.#######. #.#
#.#


You could see a two-headed ogre (ally target) and a friendly orange demon
(summoned).

Vanquished Creatures
  Pikel (D:7)
  A troll (D:9)
  Grinder (D:5)
  Prince Ribbit (D:7)
  Sigmund (D:3)
  A wyvern (D:9)
  Eustachio (D:6)
  2 steam dragons (D:8)
  2 water moccasins
  An ice beast (D:7)
  3 orc warriors
  A black bear (D:7)
  3 sky beasts
  3 wolves (D:9)
  2 ogres
  5 centaurs
  2 phantoms
  A lemure (D:7)
  2 kobold brigands
  Blork the orc (D:5)
  A gnoll sergeant (D:7)
  A necrophage (D:7)
  3 scorpions
  8 hounds
  2 jellies
  2 orc priests
  3 iguanas (D:6)
  3 orc wizards
  3 gnolls (D:7)
  5 adders
  2 shadow imps (D:7)
  A white imp (D:5)
  3 worms
  3 dart slugs
  21 orcs
  4 ball pythons
  2 endoplasms
  5 giant cockroaches
  3 goblins
  4 hobgoblins
  2 jackals (D:4)
  2 quokkas
  5 bats
  4 frilled lizards
  20 kobolds
  3 rats
150 creatures vanquished.

Vanquished Creatures (collateral kills)
  Maggie (D:7)
  A steam dragon (D:6)
  A phantom (D:4)
3 creatures vanquished.

Grand Total: 153 creatures vanquished

Notes
Turn   | Place    | Note
-------+----------+-------------------------------------------
     0 | D:1      | SensoryNuts the Demonspawn Fighter began the quest for the
                  | Orb.
     0 | D:1      | Reached XP level 1. HP: 18/18 MP: 1/1
   276 | D:1      | Reached skill level 2 in Long Blades
   276 | D:1      | Gained mutation: You are partially covered in sharp spines.
                  | [demonic ancestry]
   276 | D:1      | Reached XP level 2. HP: 24/24 MP: 2/2
   874 | D:1      | Found a faded altar of an unknown god.
  1357 | D:2      | Reached XP level 3. HP: 29/29 MP: 3/3
  1993 | D:3      | Reached skill level 3 in Long Blades
  2076 | D:3      | Found an iron altar of Okawaru.
  2083 | D:3      | Found a broken altar of Ashenzari.
  2180 | D:3      | Gained mutation: A weak demonic guardian rushes to your
                  | aid. [demonic ancestry]
  2180 | D:3      | Reached XP level 4. HP: 21/35 MP: 4/4
  2383 | D:3      | Noticed a small abomination
  2384 | D:3      | Noticed a kobold brigand
  2409 | D:3      | Found a one-way gate to the infinite horrors of the Abyss.
  2409 | D:3      | Noticed BoneyBoi1234's ghost (amateur NaFi)
  2411 | D:3      | Found a transporter.
  2421 | D:3      | Noticed Sigmund
  2435 | D:3      | Killed Sigmund
  2436 | D:3      | Reached skill level 4 in Long Blades
  2436 | D:3      | Gained mutation: A demonic guardian rushes to your aid.
                  | [demonic ancestry]
  2436 | D:3      | Reached XP level 5. HP: 32/41 MP: 5/5
  2441 | D:3      | Found a transporter.
  3369 | D:4      | Gained mutation: When seriously injured, your blood forms
                  | armour. (AC +6) [demonic ancestry]
  3369 | D:4      | Reached XP level 6. HP: 47/47 MP: 6/6
  3470 | D:4      | Reached skill level 5 in Long Blades
  3679 | D:4      | Reached skill level 1 in Dodging
  3899 | D:4      | Gained mutation: You are mostly covered in sharp spines.
                  | [demonic ancestry]
  3899 | D:4      | Reached XP level 7. HP: 46/52 MP: 7/7
  3997 | D:5      | Entered Level 5 of the Dungeon
  4151 | D:5      | Found Onyikhi's Armour Boutique.
  4248 | D:5      | Noticed Grinder
  4255 | D:5      | Paralysed by Grinder for 3 turns
  4268 | D:5      | Killed Grinder
  4269 | D:5      | Reached skill level 6 in Long Blades
  4269 | D:5      | Reached skill level 1 in Stealth
  4396 | D:5      | Found a shimmering altar of Xom.
  4553 | D:5      | Gained mutation: Your touch may inflict minor irresistible
                  | damage on your foes. [demonic ancestry]
  4553 | D:5      | Reached XP level 8. HP: 37/60 MP: 8/8
  4685 | D:5      | Found Aqoutul's Antique Armour Shop.
  4686 | D:5      | Found Afautiot's Weapon Shoppe.
  4711 | D:5      | Reached skill level 7 in Long Blades
  4757 | D:5      | Noticed Blork the orc
  4764 | D:5      | Killed Blork the orc
  4833 | D:5      | Found Afywaure's Armour Boutique.
  5298 | D:6      | Found Min Kuo's Distillery.
  5477 | D:6      | Found a bloodstained altar of Trog.
  5477 | D:6      | Noticed Eustachio
  5492 | D:6      | Killed Eustachio
  5493 | D:6      | Reached skill level 8 in Long Blades
  5938 | D:6      | Found an opulent altar of Gozag.
  6120 | D:6      | Found a sacrificial altar of Ru.
  6433 | D:7      | Reached XP level 9. HP: 36/66 MP: 9/9
  6700 | D:7      | Reached skill level 5 in Armour
  6825 | D:7      | Noticed Prince Ribbit
  6836 | D:7      | Killed Prince Ribbit
  6957 | D:7      | Reached skill level 9 in Long Blades
  6962 | D:7      | Noticed Maggie
  6986 | D:7      | Killed Maggie
  7570 | D:7      | Found a staircase to the Ecumenical Temple.
  7631 | Temple   | Entered the Ecumenical Temple
  7631 | Temple   | Found a transporter.
  7631 | Temple   | Found a transporter.
  7633 | Temple   | Found a transporter.
  7633 | Temple   | Found a transporter.
  7668 | D:7      | Reached skill level 5 in Fighting
  7668 | D:7      | Reached skill level 5 in Shields
  7904 | D:7      | Noticed Pikel
  7921 | D:7      | Killed Pikel
  8092 | D:7      | Found a stormy altar of Qazlal.
  8688 | D:8      | Reached XP level 10. HP: 38/74 MP: 10/10
  9157 | D:8      | Reached skill level 10 in Long Blades
  9314 | D:8      | Found an ancient bone altar of Kikubaaqudgha.
  9316 | D:8      | Found a blossoming altar of Fedhas.
 10375 | D:9      | Found a staircase to the Lair.
 10528 | D:9      | Noticed a two-headed ogre
 10556 | D:9      | Slain by a two-headed ogre

Illustrated notes

Levels and vault maps discovered:
D:1:      dpeg_arrival_windows_large_door, layout_basic,
          shapermc_ecumenical_altar_hornbeckon, chequers_serial_rivers_micro_a
D:2:      layout_loops_corners, supply_closet_lemuel
D:3:      layout_loops_ring, grunt_temple_overflow_diamond,
          gammafunk_ghost_abyssal_escape, uniq_sigmund
D:4:      layout_loops_ring
D:5:      layout_loops_ring, mainiacjoe_overflow_paths, serial_shops, shop,
          nicolae_shop_behind_doors, shop, shop, minmay_manual_monolith,
          uniq_grinder, uniq_blork_the_orc
D:6:      layout_basic, old_standard_altar, kennysheep_little_box,
          nicolae_overflow_crystal_walls, serial_shops,
          nicolae_shop_advertising_works [nicolae_subvault_shop_adworks],
          minmay_misc_feat_rows, uniq_eustachio
D:7:      layout_loops_corners, nicolae_qazlal_eye_of_the_storm,
          minmay_temple_entry_statues_pillars, uniq_prince_ribbit1, uniq_pikel,
          uniq_maggie
D:8:      layout_loops_corners, grunt_temple_overflow_growth_and_decay,
          serial_rivers, chequers_serial_rivers_small_b,
          chequers_serial_rivers_micro_b, chequers_serial_rivers_room_a,
          chequers_serial_rivers_small_b, chequers_serial_rivers_small_a,
          grunt_ministairs_6
D:9:      layout_basic, slow_altar_2, erik_lair_island, serial_curves,
          eino_curves_03, eino_curves_01, minmay_tree_intersection,
          uniq_erolcha, uniq_erica
Temple:   hellmonk_temple_divided_pantheon

Skill      XL: |  1  2  3  4  5  6  7  8  9 10 |
---------------+-------------------------------+-----
Shields        | 3 4 5 6 |  6.0
Long Blades    | 2 3 4 5 6 8 9 10 | 10.3
Armour         | 3 4 5 6 |  6.2
Dodging        | 1 2 3 |  3.3
Stealth        | 1 2 |  2.7
Fighting       | 4 5 |  5.4

Action                   |  1- 3 |  4- 6 |  7- 9 | 10-12 || total
-------------------------+-------+-------+-------+-------++-------
Melee: Long sword        |    99 |    65 |   232 |    75 ||   471
  Use: Scroll            |     5 |     4 |     9 |     1 ||    19
       Potion            |       |     1 |    12 |       ||    13
 Stab: Invisible         |       |       |     5 |       ||     5
       Distracted        |       |       |       |     1 ||     1
Armor: Scale mail        |    55 |    24 |    85 |    30 ||   194
Dodge: Dodged            |    27 |    22 |    69 |    25 ||   143
Block: Buckler           |    29 |    19 |    25 |       ||    73
       Tower shield      |       |       |   128 |    75 ||   203
